 Dungeon Crawl Stone Soup version 0.28.0-62-gf88900778d (webtiles) character file.

Game seed: 11414325251871724091

106 cbfl8 the Skirmisher (level 4, -16/41 HPs)
             Began as a Minotaur Fighter on June 25, 2023.
             Blown up by Ijyb (18 damage)
             ... with a mindburst bolt
             ... on level 3 of the Dungeon.
             The game lasted 00:01:54 (2079 turns).

cbfl8 the Skirmisher (Minotaur Fighter)             Turns: 2079, Time: 00:01:55

Health: -16/41     AC:  9    Str: 19 (20) XL:     4   Next: 55%
Magic:  3/3        EV:  7    Int:  3 (5)  God:
Gold:   90         SH:  4    Dex: 11 (12) Spells: 3/3 levels left

rFire   . . .      SeeInvis .   a - +0 war axe (vamp)
rCold   . . .      Faith    .   c - +0 buckler
rNeg    . . .      Spirit   .   g - +0 chain mail
rPois   .          Reflect  .   (helmet restricted)
rElec   .          Harm     .   (no cloak)
rCorr   .          Rampage  .   (no gloves)
Will    .....                   (no boots)
Stlth   ..........              (no amulet)
HPRegen 0.13/turn               b - ring of flight
MPRegen 0.08/turn               (no ring)

@: mighty, flying, studying Fighting
A: horns 2, retaliatory headbutt
a: no special abilities


You were on level 3 of the Dungeon.
You visited 1 branch of the dungeon, and saw 3 of its levels.

You collected 90 gold pieces.

Inventory:

Hand Weapons
 a - a +0 vampiric war axe (weapon)
Armour
 c - a +0 buckler (worn)
 g - a +0 chain mail (worn)
Jewellery
 b - a ring of flight (left hand)
Scrolls
 e - a scroll of immolation
Potions
 d - a potion of might
 i - 2 potions of brilliance {unknown}
 j - a potion of curing {unknown}


   Skills:
 + Level 4.6 Fighting
 + Level 3.9 Axes
 + Level 4.0 Armour
 + Level 1.1 Dodging
 + Level 0.2 Stealth
 + Level 4.1 Shields
 * Level 1.0 Evocations


You had 3 spell levels left.
You didn't know any spells.
Your spell library contained the following spells:

 Spells                   Type           Power      Damage    Failure   Level
 Ozocubu's Armour         Ice            0%         N/A       100%        3
 Ozocubu's Refrigeration  Ice            0%         4d5       100%        7


Dungeon Overview and Level Annotations

Branches:
Dungeon (3/15)

Altars:

Annotations:
D:3 Ijyb


Innate Abilities, Weirdness & Mutations

You have a pair of horns on your head.
You reflexively headbutt those who attack you in melee.


Message History

The hobgoblin shouts!
A frilled lizard comes into view.
The frilled lizard hisses angrily.
Found 17 stones.
The hobgoblin barely misses you. The hobgoblin hits you.
You hit the hobgoblin.
You feel better.
You headbutt the hobgoblin.
You kill the hobgoblin!
You see here a hobgoblin corpse.
You hear the slow rusting of a very distant drain.
f - a murky emerald potion You see here 6 atropa-tipped darts.
Found a dagger.
You now have 90 gold pieces (gained 13).
You see here a +0 dagger.
Ijyb the Twisted Goblin comes into view.
She is wielding a +0 club and carrying a wand of mindburst (8).
Ijyb shouts!
Ijyb zaps a wand.
Your mind is blasted!
You block Ijyb's attack.
You barely miss Ijyb. Ijyb hits you with a +0 club.
You hit Ijyb but do no damage. Ijyb barely misses you.
Ijyb hits you but does no damage.
You barely miss Ijyb. You headbutt Ijyb, but do no damage.
Ijyb hits you with a +0 club.
You closely miss Ijyb. Ijyb barely misses you.
You barely miss Ijyb. You headbutt Ijyb.
Ijyb is moderately wounded.
Ijyb hits you but does no damage.
Ijyb zaps a wand.
Your mind is blasted!
* * * LOW HITPOINT WARNING * * *
You closely miss Ijyb.
Ijyb is moderately wounded.
Ijyb hits you but does no damage.
Ijyb zaps a wand.
Your mind is blasted!
* * * LOW HITPOINT WARNING * * *
You feel very mighty all of a sudden.
It was a potion of degeneration.
There was something very wrong with that liquid.
You feel weakened.
You feel dopey.
You feel clumsy.
Ijyb zaps a wand.
Your mind is blasted!
You die...

(..#####.........#########.#####.
### ########...(.........#....
###.#########....... #...#
##.#.### #.### ##### ...#...>
##.####.......####### #..##...#
#### # ######.###g# #........@.#
#..........# #..........#
#...)......# #..........#
############


You could see Ijyb.

Vanquished Creatures
  6 adders
  A worm (D:2)
  A dart slug (D:1)
  4 bats
  An endoplasm (D:1)
  2 giant cockroaches
  3 goblins
  8 hobgoblins
  4 jackals (D:1)
  2 quokkas
  4 ball pythons
  4 frilled lizards
  4 kobolds
  2 rats (D:1)
46 creatures vanquished.

Notes
Turn   | Place    | Note
-------+----------+-------------------------------------------
     0 | D:1      | cbfl8 the Minotaur Fighter began the quest for the Orb.
     0 | D:1      | Reached XP level 1. HP: 19/19 MP: 0/0
   152 | D:1      | Reached XP level 2. HP: 22/27 MP: 1/1
   633 | D:1      | Found a faded altar of an unknown god.
   978 | D:1      | Identified a scroll of acquirement
   979 | D:1      | Acquired a manual of Fighting
  1093 | D:2      | Reached XP level 3. HP: 31/34 MP: 2/2
  1145 | D:2      | Reached skill level 1 in Dodging
  1547 | D:2      | Reached skill level 1 in Evocations
  1560 | D:2      | Reached XP level 4. HP: 41/41 MP: 3/3
  2069 | D:3      | Noticed Ijyb
  2077 | D:3      | HP: 2/41 [disintegration (4)]
  2079 | D:3      | Blown up by Ijyb

Illustrated notes

Levels and vault maps discovered:
D:1:      co_arrival_random_square_maze, layout_loops_ring,
          nicolae_ecumenical_lake_church, minmay_surrounded
D:2:      layout_loops_cross, serial_aquarium, aquarium_bridge_square
          [aquarium_subvault_window, aquarium_subvault_bridge,
          aquarium_subvault_bridge, aquarium_subvault_wall],
          aquarium_bridge_square [aquarium_subvault_wall,
          aquarium_subvault_wall, aquarium_subvault_window,
          aquarium_subvault_bridge], aquarium_window_corner, aquarium_window_2,
          aquarium_window_1, aquarium_view_2b, aquarium_view_2d,
          aquarium_balcony_double_4, aquarium_pool_1
D:3:      layout_rooms, serial_shops, nicolae_shop_bloodbath_and_beyond,
          portal_sewer_entry_e, uniq_ijyb

Skill      XL: |  1  2  3  4 |
---------------+-------------+-----
Armour         | 4 |  4.0
Fighting       | 4 |  4.6
Dodging        | 1 |  1.1
Axes           | 3 |  3.9
Evocations     | 1 |  1.0
Shields        | 4 |  4.1
Stealth        | |  0.2

Action                   |  1- 3 |  4- 6 || total
-------------------------+-------+-------++-------
Melee: War axe           |    72 |    21 ||    93
       Headbutt          |     7 |     5 ||    12
  Use: Scroll            |     5 |       ||     5
       Potion            |       |     2 ||     2
Armor: Scale mail        |     8 |       ||     8
       Chain mail        |    30 |     8 ||    38
Dodge: Dodged            |    34 |     8 ||    42
Block: Buckler           |    20 |     2 ||    22
